 Dungeon Crawl Stone Soup version 0.29.1-13-g9f3cf754e1 (webtiles) character file.

Game seed: 9382130314706862903

71 iamoutofideas the Firebug (level 4, -1/24 HPs)
             Began as a Deep Elf Fire Elementalist on Jan 30, 2023.
             Slain by a gnoll
             ... wielding a +0 flail of holy wrath
              (7 damage)
             ... on level 2 of the Dungeon.
             The game lasted 00:03:19 (2220 turns).

iamoutofideas the Firebug (DEFE)                    Turns: 2220, Time: 00:03:20

Health: -1/24      AC:  2    Str:  5    XL:     4   Next: 5%
Magic:  0/12       EV: 13    Int: 22    God:
Gold:   127        SH:  0    Dex: 15    Spells: 5/11 levels left

rFire   . . .      SeeInvis .   (no weapon)
rCold   . . .      Faith    .   (no shield)
rNeg    . . .      Spirit   .   a - +0 robe
rPois   .          Reflect  .   (no helmet)
rElec   .          Harm     .   (no cloak)
rCorr   .          Rampage  .   (no gloves)
Will    .....                   (no boots)
Stlth   ++........              (no amulet)
HPRegen 0.08/turn               (no ring)
MPRegen 0.13/turn               (no ring)

@: no status effects
A: no striking features
a: no special abilities


You were on level 2 of the Dungeon.
You visited 1 branch of the dungeon, and saw 2 of its levels.

You collected 127 gold pieces.

Inventory:

Armour
 a - a +0 robe (worn)
Magical Staves
 i - a staff of earth
Scrolls
 c - 2 scrolls of torment {unknown}
 d - a scroll of noise {unknown}
 e - a scroll of identify {unknown}
 f - a scroll of teleportation {unknown}
 l - a scroll of enchant armour {unknown}
Potions
 b - a potion of magic
 g - a potion of brilliance {unknown}
 h - a potion of flight {unknown}
 j - 2 potions of curing {unknown}
 k - a potion of heal wounds {unknown}


   Skills:
 + Level 2.7 Dodging
 - Level 2.5 Stealth
 - Level 0.1 Unarmed Combat
 * Level 4.0 Spellcasting
 + Level 2.2 Conjurations
 + Level 4.2 Fire Magic


You had 5 spell levels left.
You knew the following spells:

 Your Spells              Type           Power      Damage    Failure   Level
a - Foxfire               Conj/Fire      72%        2x1d7     3%          1
b - Scorch                Fire           46%        2d7       3%          2
c - Conjure Flame         Conj/Fire      18%        6-21      9%          3

Your spell library contained the following spells:

 Spells                   Type           Power      Damage    Failure   Level
 Magic Dart               Conj           56%        1d5       4%          1
 Shock                    Conj/Air       36%        1d5       7%          1
 Searing Ray              Conj           28%        2d5       7%          2
 Inner Flame              Hex/Fire       13%        N/A       14%         3
 Flame Wave               Conj/Fire      18%        2d7       30%         4
 Fulminant Prism          Conj/Hex       4%         3d6       56%         4


Dungeon Overview and Level Annotations

Branches:
Dungeon (2/15)

Altars:


Message History

You conjure some foxfire!
The gnoll hits you with a +0 club.
Your foxfire dissipates!
The foxfire hits the gnoll.
The gnoll is severely wounded.
The gnoll attacks as you move away! The gnoll closely misses you.
The gnoll attacks as you move away! The gnoll misses you.
The gnoll attacks as you move away! The gnoll barely misses you.
Casting: Foxfire (safe; 3% risk of failure)
Confirm with . or Enter, or press ? or * to list all spells.
Flames lash the gnoll.
You kill the gnoll!
The gnoll misses you.
Your Spellcasting skill increases to level 4!
You have reached level 4!
You feel clever.
Casting: Scorch (safe; 3% risk of failure)
Confirm with . or Enter, or press ? or * to list all spells.
You don't have enough magic to cast this spell.
Casting: Scorch (safe; 3% risk of failure)
Confirm with . or Enter, or press ? or * to list all spells.
You conjure some foxfire!
The gnoll misses you.
The foxfire hits the gnoll.
The gnoll is almost dead.
The foxfire hits the gnoll!
The gnoll is heavily wounded.
The gnoll barely misses you.
Casting: Foxfire (safe; 3% risk of failure)
Confirm with . or Enter, or press ? or * to list all spells.
You conjure some foxfire!
The gnoll hits you with a +0 flail of holy wrath!
The foxfire hits the gnoll but does no damage.
The gnoll is severely wounded.
The foxfire hits the gnoll.
The gnoll is severely wounded.
The gnoll attacks as you move away!
The gnoll hits you with a +0 flail of holy wrath.
* * * LOW HITPOINT WARNING * * *
The gnoll attacks as you move away!
The gnoll hits you with a +0 flail of holy wrath!
You die...

#...#P#.#...##.##)...........#
#.._#.#.#)..##...........#.#.#
#.^.#P#.#.#.#####...##.###.#.#
#.^##.#.#...........##.# #.#.#
#.^..#.#...............# #.#.#
#..##.#......#####..#### #.#.#
#.^..#.[.##..# #..# #.#.#
##.^##P..#...g#####..## #.#.#
..........#.#..g@.......
##.#.#
########......######....
##....# #.##.### ##...##.....#
#.##.# #..)....<..# #.##.#
..#####..## #.##.# ##.# #.##.#
#.# #.##.. ..# #.#### ..#


You could see 2 gnolls.

Vanquished Creatures
  A gnoll (D:2)
  An adder (D:2)
  2 worms (D:2)
  2 dart slugs
  A bat (D:1)
  5 endoplasms
  3 giant cockroaches
  A goblin (D:1)
  4 hobgoblins (D:1)
  2 jackals (D:1)
  3 quokkas (D:1)
  6 ball pythons
  A frilled lizard (D:1)
  3 kobolds
  6 rats (D:1)
41 creatures vanquished.

Vanquished Creatures (others)
  164 foxfires
  A fungus (D:2)
165 creatures vanquished.

Grand Total: 206 creatures vanquished

Notes
Turn   | Place    | Note
-------+----------+-------------------------------------------
     0 | D:1      | iamoutofideas the Deep Elf Fire Elementalist began the
                  | quest for the Orb.
     0 | D:1      | Reached XP level 1. HP: 10/10 MP: 6/6
   427 | D:1      | Reached XP level 2. HP: 15/15 MP: 1/8
  1274 | D:1      | Reached XP level 3. HP: 12/19 MP: 3/9
  1277 | D:1      | Learned a level 2 spell: Scorch
  1281 | D:1      | Learned a level 3 spell: Conjure Flame
  2176 | D:2      | Found a faded altar of an unknown god.
  2182 | D:2      | Got Plato's Octavo of Conjuration
  2207 | D:2      | Reached XP level 4. HP: 19/24 MP: 1/12
  2220 | D:2      | Slain by a gnoll

Illustrated notes

Levels and vault maps discovered:
D:1:      onia_arrival_handbag, layout_loops_ring, minmay_3d_cube
D:2:      layout_loops_ring, shapermc_ecumenical_altar_rom_forum, basic_altar,
          uniq_robin

Skill      XL: |  1  2  3 |
---------------+----------+-----
Fire Magic     | 4 |  4.2
Conjurations   | 2 |  2.2
Spellcasting   | 4 |  4.0
Dodging        | |  2.7
Stealth        | |  2.5
Unarmed Combat | |  0.1

Action                   |  1- 3 |  4- 6 || total
-------------------------+-------+-------++-------
Melee: Unarmed           |     6 |       ||     6
 Cast: Foxfire           |   111 |     2 ||   113
       Scorch            |     2 |       ||     2
       Conjure Flame     |     1 |       ||     1
Armor: Robe              |    18 |       ||    18
Dodge: Dodged            |    53 |     2 ||    55
